AoeStats
← Aziz

Fortress

510202624Analyzed
2v2 RM · 1d ago on Sep 29, 2026· 32m 47s· 4 players
Game mode
Random Map
Map size
Normal (6 player)
Population
200
Speed
Normal
Resources
Standard
Victory
Conquest
Starting age
Dark Age
Ending age
Imperial Age
RankedLock teamsTeams togetherTeam positionsShared explorationLock speedFull tech treeHidden civsTurbo modeCheats
Victory
Defeat
🇨🇱 Teutons · Chile
704
+4
🇺🇿 Teutons · Uzbekistan
624
+5
🇨🇦 Celts · Canada
431
-6
🇹🇷 Khmer · Türkiye
269
-3
Chaosjut
0:30 Loom
8:36 Feudal Age
10:40 Wheelbarrow
9:48 Horse Collar
10:09 Double-Bit Axe
11:02 Gold Mining
17:31 Castle Age
17:35 Stone Mining
18:31 Hand Cart
18:30 Bow Saw
18:24 Heavy Plow
19:03 Gold Shaft Mining
19:18 Stone Shaft Mining
24:56 Fortified Wall
24:58 Masonry
26:07 Forging
25:57 Scale Mail Armor
25:47 Fletching
25:58 Padded Archer Armor
29:35 Iron Casting
29:15 Chain Mail Armor
28:56 Bodkin Arrow
29:16 Leather Archer Armor
28:55 Man-at-Arms
29:20 Gambesons
29:21 Arson
28:57 Pikeman
30:23 Long Swordsman
aydinturkmen46
1:18 Loom
10:06 Feudal Age
10:32 Double-Bit Axe
10:34 Horse Collar
10:48 Gold Mining
10:49 Stone Mining
13:01 Wheelbarrow
18:16 Castle Age
18:58 Heavy Plow
19:14 Bow Saw
20:48 Hand Cart
23:08 Gold Shaft Mining
23:09 Stone Shaft Mining
23:59 Fervor
24:14 Fervor
28:13 Imperial Age
28:01 Scale Barding Armor
27:57 Scale Mail Armor
28:08 Forging
27:48 Fletching
29:47 Hoardings
30:16 Conscription
32:07 Crop Rotation
JUNIORPLAYBOY
6:09 Feudal Age
4:27 Loom
6:36 Double-Bit Axe
8:11 Wheelbarrow
7:57 Horse Collar
15:32 Castle Age
15:38 Scale Mail Armor
16:01 Forging
18:11 Bow Saw
20:17 Iron Casting
20:56 Heavy Plow
23:15 Hand Cart
24:11 Chain Mail Armor
24:47 Gambesons
25:08 Squires
26:34 Ironclad
27:47 Arson
28:25 Caravan
28:20 Fletching
Aziz
9:17 Feudal Age
7:38 Loom
10:51 Wheelbarrow
10:23 Double-Bit Axe
10:34 Town Watch
14:52 Horse Collar
15:37 Fletching
18:11 Gold Mining
18:15 Stone Mining
20:44 Castle Age
19:59 Bloodlines
20:24 Scale Barding Armor
20:34 Forging
21:31 Bodkin Arrow
21:59 Chain Barding Armor
21:42 Scale Mail Armor
21:44 Bodkin Arrow
23:58 Hand Cart
23:45 Town Patrol
25:25 Fervor
25:28 Bow Saw
25:21 Heavy Plow
26:02 Stone Shaft Mining
25:42 Squires
25:28 Gambesons
25:29 Arson
26:34 Ballistics
28:26 Guard Tower
28:49 Fortified Wall
28:31 Guard Tower
30:10 Sanctity
30:33 Masonry
32:21 Chain Mail Armor
35:57 Imperial Age
Connection lost

Rejoining the realm…

Still unreachable

The connection could not be restored.

Session expired

The server has moved on; the page needs a fresh start.